Replay - Mothership Rush PvP

Build Order

Get SALT Encoding   

  12  0:01  Probe (Chrono Boost)  
  13  0:12  Probe (Chrono Boost)  
  14  0:20  Pylon  
  14  0:23  Probe (Chrono Boost)  
  15  0:38  Gateway, Probe (Chrono Boost)  
  16  0:44  Assimilator  
  16  0:48  Probe (Chrono Boost)  
  17  0:59  Probe (Chrono Boost)  
  17  1:01  Assimilator  
  18  1:10  Probe (Chrono Boost)  
  19  1:20  Probe (Chrono Boost)  
  20  1:28  Cybernetics Core  
  20  1:31  Probe (Chrono Boost)  
  21  1:36  Pylon  
  21  1:41  Probe (Chrono Boost)  
  22  1:52  Pylon, Probe (Chrono Boost)  
  23  1:54  Gateway  
  23  2:07  Stalker  
  25  2:15  Stargate  
  25  2:22  Mothership Core (Chrono Boost)  
  27  2:37  Warp Gate (Chrono Boost)  
  27  2:42  Stalker  
  29  2:46  Gateway  
  29  3:00  Pylon  
  29  3:12  Fleet Beacon  
  29  3:30  Pylon  
  31  3:41  Zealot x2  
  35  3:49  Zealot  
  35  3:56  Forge  
  41  4:20  Pylon  
  41  4:35  Stalker x2  
  41  4:36  Stalker  
  47  4:52  Photon Cannon  
  47  5:02  Zealot  
  47  5:03  Zealot  
  51  5:11  Stalker  
  53  6:02  Stalker x3  
Spawning Tool Build Advisor. Get it on Overwolf

Go to:

Details

  • Created by: GothicGhost117
  • Published on: Apr 29, 2016
  • Modified on: Apr 29, 2016
  • Patch: Pre-3.8.0
Show
View Real Time Build Order
Export as new Build Order

Comments (0)

There are no comments. Be the first!

Create an account to comment!